 Dungeon Crawl Stone Soup version 0.24.0-123-gd5b16e6ec5 (webtiles) character file.

Game seed: 10790113646230959894, levelgen mode: deterministic

240 Quirk the Skirmisher (level 5, -3/42 HPs)
             Began as a Demonspawn Abyssal Knight on Dec 22, 2019.
             Was an Initiate of Ru.
             Slain by an orc warrior
             ... wielding a +0 mace
              (17 damage)
             ... on level 4 of the Dungeon.
             The game lasted 00:08:30 (3068 turns).

Quirk the Skirmisher (Demonspawn Abyssal Knight)    Turns: 3068, Time: 00:08:31

Health: -3/42      AC:  4    Str: 18      XL:     5   Next: 79%
Magic:  7/7        EV: 12    Int: 13 (14) God:    Ru [......]
Gold:   180        SH:  0    Dex: 12      Spells: 4/4 levels left

rFire    . . .     SeeInvis .   q - +2 dagger (vamp)
rCold    . . .     Gourm    .   (no shield)
rNeg     . . .     Faith    .   b - +0 leather armour
rPois    .         Spirit   .   (no helmet)
rElec    .         Reflect  .   o - +0 cloak
rCorr    .         Harm     .   (no gloves)
MR       .....                  (no boots)
Stlth    ++........             (no amulet)
HPRegen  0.14/turn              (no ring)
MPRegen  0.10/turn              (no ring)

@: mighty
A: hooves 1, nightstalker 1, powered by pain 1
a: Renounce Religion


You were on level 4 of the Dungeon.
You worshipped Ru.
Ru was noncommittal.
You were not hungry.

You visited 1 branch of the dungeon, and saw 4 of its levels.
You visited the Abyss 1 time.
You also visited: Sewer.

You collected 180 gold pieces.

Inventory:

Hand Weapons
 a - a +2 falchion
 k - a +0 short sword
 q - a +2 vampiric dagger (weapon)
 r - a +0 flail of protection
Armour
 b - a +0 leather armour (worn)
 o - a +0 cloak (worn)
Scrolls
 d - a scroll of remove curse
 g - 5 scrolls of identify
 h - a scroll of fog {unknown}
 l - 2 scrolls of teleportation {unknown}
 p - a scroll of amnesia {unknown}
Potions
 e - 3 potions of curing
 f - 2 potions of haste {unknown}
 i - a potion of cancellation {unknown}
 j - a potion of mutation {unknown}
 m - 5 potions of heal wounds
 n - a potion of agility {unknown}
Comestibles
 c - 6 rations


   Skills:
 + Level 3.9 Fighting
 * Level 3.5 Long Blades
 + Level 2.7 Armour
 + Level 2.0 Dodging
   Level 3.8 Invocations


You had 4 spell levels left.
You didn't know any spells.
Your spell library was empty.

Dungeon Overview and Level Annotations

Branches:
Dungeon (4/15)              Sewer (visited)
 Temple: D:4-7

Altars:
Gozag
Ru
Trog
Uskayaw


Innate Abilities, Weirdness & Mutations

You have large cloven feet.
You are slightly more attuned to the shadows.
You sometimes gain a little power by taking damage.


Message History

Pain shoots through your body!
There is an open door here.
You hit the orc warrior but do no damage.
The orc priest barely misses you. The orc warrior barely misses you.
You puncture the orc warrior!
The orc warrior is moderately wounded.
The orc priest hits you with a +0 club.
The orc warrior hits you with a +0 mace!
You focus on the pain.
You feel mightier all of a sudden.
You are too injured to fight recklessly!
You are too injured to fight recklessly!
The orc priest calls upon Beogh to heal the orc warrior.
The orc warrior is healed somewhat.
You hear a shout!
You hear a shout!
As you open the door, it creaks loudly!
An orc wizard comes into view. It is wielding a +0 dagger.
The orc warrior hits you with a +0 mace!
You die...

##...## ##.####
##.....## #.....
##.......## #...###
#.........###.....#
+.........'o......#
#.........###.....#
##.......## #.#.#.#
###...oo## #...o...
#.....@.# ####...#
#.###'#.# .#.# #.#
#.#.# .#...
.######.###.#.# #
#. ..........#.#.#
####.........#
#.#.#.....###
#.#.#.......#
#.#..<.......


You could see an orc warrior, an orc priest and an orc wizard.

Vanquished Creatures
  Purgy (Sewer)
  6 adders
  A river rat (D:3)
  2 oozes
  2 worms (D:3)
  2 dart slugs (D:1)
  2 leopard geckos (D:3)
  8 bats
  4 giant cockroaches
  9 goblins
  5 hobgoblins
  5 jackals
  6 kobolds
  A quokka (D:3)
  2 ball pythons (D:3)
  A frilled lizard (D:2)
  A jackal skeleton (D:4)
  5 rats
63 creatures vanquished.

Notes
Turn   | Place    | Note
-------+----------+-------------------------------------------
     0 | Abyss:1  | Quirk the Demonspawn Abyssal Knight began the quest for the
                  | Orb.
     0 | Abyss:1  | Reached XP level 1. HP: 18/18 MP: 2/2
    62 | Abyss:1  | Found a corrupted altar of Lugonu.
   111 | Abyss:1  | Noticed an eye of devastation
   112 | D:1      | Escaped the Abyss
   160 | D:1      | Reached skill level 1 in Dodging
   177 | D:1      | Reached * piety under Lugonu
   263 | D:1      | Gained mutation: You are slightly more attuned to the
                  | shadows. [demonic ancestry]
   263 | D:1      | Reached XP level 2. HP: 22/24 MP: 3/3
   806 | D:2      | Found a hide-covered altar of Uskayaw.
   825 | D:2      | Reached XP level 3. HP: 11/29 MP: 5/5
  1528 | D:2      | Found an opulent altar of Gozag.
  1847 | D:3      | Found a bloodstained altar of Trog.
  1859 | D:3      | Gained mutation: You sometimes gain a little power by
                  | taking damage. [demonic ancestry]
  1859 | D:3      | Reached XP level 4. HP: 35/35 MP: 6/6
  1929 | D:3      | Reached ** piety under Lugonu
  2000 | D:3      | Found a glowing drain.
  2007 | Sewer    | Entered a sewer
  2328 | Sewer    | Noticed Purgy
  2344 | Sewer    | Killed Purgy
  2344 | Sewer    | Gained mutation: You have large cloven feet. [demonic
                  | ancestry]
  2344 | Sewer    | Reached XP level 5. HP: 19/42 MP: 7/7
  2927 | D:3      | Found a sacrificial altar of Ru.
  2973 | D:3      | Fell from the grace of Lugonu
  2973 | D:3      | Became a worshipper of Ru the Awakened
  3050 | D:4      | Noticed an orc warrior
  3068 | D:4      | Slain by an orc warrior

Levels and vault maps discovered:
D:1:      dpeg_arrival_lava_altar, layout_basic, minmay_fountain_box,
          nrook_loot_triangle, minivault_27
D:2:      layout_basic, nicolae_gozag_cash_rules_everything_around_me,
          eat_drink_and_be_merry_uskayaw, minmay_stone_trees_large
D:3:      layout_rooms, overflow_temple_1_default, nicolae_ru_awakened_eye,
          cheibrodos_sewer_entry_sluice, first_ration
D:4:      layout_loops_corners, elyvilon_altar_5, grunt_temple_overflow_open

Skill      XL: |  1  2  3  4  5 |
---------------+----------------+-----
Dodging        | 1 2 |  2.0
Long Blades    | 2 3 |  3.5
Armour         | 2 |  2.7
Invocations    | 3 |  3.8
Fighting       | |  3.9

Action                   |  1- 3 |  4- 6 || total
-------------------------+-------+-------++-------
Melee: Falchion          |    22 |    88 ||   110
       Short sword       |    91 |     9 ||   100
       Dagger            |       |     8 ||     8
       Kick              |       |     5 ||     5
Invok: Depart the Abyss  |     1 |       ||     1
  Use: Potion            |     1 |     2 ||     3
       Scroll            |       |     5 ||     5
 Stab: Sleeping          |     4 |     2 ||     6
  Eat: Chunk             |     2 |     5 ||     7
Armor: Leather armour    |    29 |    46 ||    75
Dodge: Dodged            |    69 |    98 ||   167
       Rpst.: Falchion   |     3 |    26 ||    29
